 Dungeon Crawl Stone Soup version 0.28-a0-312-gbced6e68ee (webtiles) character file.

Game seed: 3557003655544759366

967 Shayle the Insei (level 8, -4/61 HPs)
             Began as a Djinni Warper on Aug 31, 2021.
             Slain by Ijyb (11 damage)
             ... on level 5 of the Dungeon.
             The game lasted 00:15:57 (6923 turns).

Shayle the Insei (Djinni Warper)                    Turns: 6923, Time: 00:15:58

Health: -4/61      AC:  4    Str: 10    XL:     8   Next: 38%
Gold:   811        EV: 11    Int: 17    God:
                   SH:  0    Dex: 13

rFire   + + .      SeeInvis .     - Unarmed
rCold   x . .      Faith    .   (no shield)
rNeg    . . .      Spirit   .   a - +0 leather armour
rPois   ∞          Reflect  .   (no helmet)
rElec   .          Harm     .   (no cloak)
rCorr   .          Rampage  .   o - +0 pair of gloves
Will    .....                   (boots unavailable)
Stlth   +.........              (no amulet)
HPRegen 0.20/turn               (no ring)
MPRegen 0.00/turn               (no ring)

@: flying, studying Fighting
A: sickness immunity, fire resistance 2, cold vulnerability 1, float, innate
caster, hp casting, extra vitality 1
a: no special abilities


You were on level 5 of the Dungeon.
You visited 1 branch of the dungeon, and saw 5 of its levels.

You collected 811 gold pieces.

Inventory:

Hand Weapons
 p - a +0 broad axe
Missiles
 e - 2 boomerangs (quivered)
Armour
 a - a +0 leather armour (worn)
 o - a +0 pair of gloves (worn)
 u - a +0 buckler
Jewellery
 f - a ring of ice
Wands
 r - a wand of iceblast (2)
Scrolls
 b - 3 scrolls of blinking
 d - a scroll of immolation {unknown}
 g - a scroll of teleportation
 k - a scroll of brand weapon {unknown}
 l - a scroll of enchant weapon {unknown}
 m - a scroll of enchant armour {unknown}
 q - a scroll of fog {unknown}
Potions
 c - 2 potions of flight {unknown}
 h - 3 potions of mutation
 j - a potion of attraction


   Skills:
 + Level 6.0 Fighting
 - Level 0.7 Throwing
 - Level 1.0 Armour
 - Level 2.1 Dodging
 + Level 2.2 Shields
 * Level 6.9 Unarmed Combat
 - Level 2.4 Spellcasting
 + Level 2.9 Evocations


You couldn't memorise any spells.
You knew the following spells:

 Your Spells              Type           Power      Damage    Failure   Level
a - Blink                 Tloc           N/A        N/A       14%         2
b - Lesser Beckoning      Tloc           10%        N/A       28%         3
c - Gell's Gravitas       Tloc           5%         N/A       28%         3
d - Teleport Other        Tloc           10%        N/A       28%         3
e - Manifold Assault      Tloc           10%        N/A       95%         5
f - Beastly Appendage     Tmut           20%        N/A       10%         1
g - Call Imp              Summ           10%        N/A       14%         2
h - Summon Guardian Gole  Hex/Summ       10%        N/A       28%         3
Your spell library was empty.

Dungeon Overview and Level Annotations

Branches:
Dungeon (5/15)
 Temple: D:4-7

Altars:
Cheibriados
Fedhas
Ru
Wu Jian
Xom

Annotations:
D:5 Ijyb, Prince Ribbit


Innate Abilities, Weirdness & Mutations

You are immune to sickness and miasma.
You are immune to poison.
Your flesh is very heat resistant. (rF++)
You are vulnerable to cold. (rC-)
You float through the air rather than walking.
You learn spells naturally, not from books.
Your magical power is your life essence.
You have superior vitality. (+4 HP)


Message History

The mass of ice explodes!
The iceblast engulfs the adder!
The iceblast engulfs you!!
You feel a painful chill!
* * * LOW HITPOINT WARNING * * *
Unknown command.
You feel better.
Unknown command.
Ijyb hits you with a +0 long sword!
* * * LOW HITPOINT WARNING * * *
Unknown command.
You hit Ijyb but do no damage.
The adder bites your guardian golem but does no damage. x2
Ijyb barely misses you.
Unknown command.
You hit Ijyb but do no damage.
The adder bites your guardian golem but does no damage.
Unknown command.
You hit Ijyb but do no damage. Ijyb hits you with a +0 long sword.
* * * LOW HITPOINT WARNING * * *
The adder bites your guardian golem but does no damage.
Unknown command.
Aiming: Iceblast
Press: ? - help, Shift-Dir - straight line, p - Ijyb The mass of ice explodes!
The iceblast engulfs the adder!!
You kill the adder!
Ijyb hits you with a +0 long sword.
* * * LOW HITPOINT WARNING * * *
Unknown command.
Aiming: Iceblast
Press: ? - help, Shift-Dir - straight line The mass of ice explodes!
The iceblast engulfs Ijyb!!
Ijyb is severely wounded.
Ijyb hits you with a +0 long sword.
* * * LOW HITPOINT WARNING * * *
Unknown command.
Aiming: Iceblast
Press: ? - help, Shift-Dir - straight line The mass of ice explodes!
The iceblast engulfs Ijyb.
Ijyb is severely wounded.
Ijyb hits you with a +0 long sword!
You die...

#.........# ##......
#.........# ####...
#.........# #......
#.........# ###.###..
######.####
##.....(.. #...#
##...........
#...#.......###.##.
#######.....#.. ...
##
#......@.†........##.
#.......g9##.#... ##
#.....(...# ...
#.....>....# ## #...
#..>.......# ###.
#.....(.:...# ##
#######....... #
#.......


You could see Ijyb (ally target) and a friendly guardian golem (summoned).

Vanquished Creatures
  Sigmund (D:5)
  A black bear (D:5)
  A centaur (D:5)
  A phantom (D:4)
  4 scorpions
  2 bullfrog zombies (D:5)
  A hound (D:4)
  An orc priest (D:5)
  A jelly (D:5)
  An iguana (D:5)
  A hound zombie (D:5)
  A hound skeleton (D:4)
  7 adders
  A worm (D:3)
  A dart slug (D:2)
  4 orcs
  2 ball pythons
  2 endoplasms (D:1)
  7 giant cockroaches
  10 hobgoblins
  4 jackals (D:4)
  6 kobolds
  3 quokkas
  5 bats
  A frilled lizard (D:1)
  7 goblins
  4 rats
80 creatures vanquished.

Vanquished Creatures (others)
  2 plants (D:5)
2 creatures vanquished.

Grand Total: 82 creatures vanquished

Notes
Turn   | Place    | Note
-------+----------+-------------------------------------------
     0 | D:1      | Shayle the Djinni Warper began the quest for the Orb.
     0 | D:1      | Reached XP level 1. HP: 18/18 MP: 0/0
   373 | D:1      | Reached XP level 2. HP: 11/23 MP: 0/0
  1220 | D:1      | Reached XP level 3. HP: 29/29 MP: 0/0
  1220 | D:1      | Learned a level 1 spell: Beastly Appendage
  2056 | D:2      | Reached XP level 4. HP: 28/34 MP: 0/0
  2299 | D:3      | Found a snail-covered altar of Cheibriados.
  2308 | D:3      | Found an ornate altar of the Wu Jian Council.
  2401 | D:3      | Noticed a scorpion
  2410 | D:3      | Killed a scorpion
  2411 | D:3      | Reached XP level 5. HP: 27/40 MP: 0/0
  2411 | D:3      | Learned a level 2 spell: Call Imp
  3356 | D:4      | Found a shimmering altar of Xom.
  3409 | D:4      | Reached XP level 6. HP: 27/46 MP: 0/0
  3587 | D:4      | Reached skill level 5 in Unarmed Combat
  3616 | D:4      | Identified 2 scrolls of acquirement
  3666 | D:4      | Acquired a manual of Fighting
  3667 | D:4      | Acquired 574 gold pieces
  4196 | D:5      | Entered Level 5 of the Dungeon
  4196 | D:5      | Noticed Prince Ribbit
  4400 | D:5      | Found a blossoming altar of Fedhas.
  5231 | D:5      | Reached skill level 1 in Evocations
  5246 | D:5      | Reached XP level 7. HP: 21/53 MP: 0/0
  5246 | D:5      | Learned a level 3 spell: Summon Guardian Golem
  5540 | D:4      | Found a sacrificial altar of Ru.
  5785 | D:5      | Reached skill level 5 in Fighting
  5785 | D:5      | Reached skill level 1 in Shields
  6247 | D:5      | Reached XP level 8. HP: 47/59 MP: 0/0
  6707 | D:5      | Noticed Sigmund
  6712 | D:5      | Killed Sigmund
  6910 | D:5      | Noticed Ijyb
  6923 | D:5      | Slain by Ijyb

Illustrated notes

Levels and vault maps discovered:
D:1:      dpeg_arrival_stonehenge_8_columns, layout_basic, minmay_heptomino_d4
D:2:      layout_rooms
D:3:      layout_basic, mainiacjoe_overflow_swirl
D:4:      minmay_recursive_quarters, layout_basic, overflow_temple_1_default,
          nicolae_ru_the_path_less_chosen, st_stairs_14
D:5:      layout_rooms, fedhas_bush_and_centaur_altar,
          mainiacjoe_overflow_boulevard, uniq_ijyb, uniq_sigmund,
          uniq_prince_ribbit1

Skill      XL: |  1  2  3  4  5  6  7  8 |
---------------+-------------------------+-----
Unarmed Combat | 3 4 5 6 |  6.9
Fighting       | 3 4 5 6 |  6.0
Evocations     | 1 2 |  2.9
Shields        | 1 2 |  2.2
Throwing       | |  0.7
Armour         | |  1.0
Dodging        | |  2.1
Spellcasting   | |  2.4

Action                   |  1- 3 |  4- 6 |  7- 9 || total
-------------------------+-------+-------+-------++-------
Melee: Unarmed           |   130 |   171 |    79 ||   380
       Headbutt          |       |    12 |       ||    12
       Punch             |       |     4 |     2 ||     6
       Broad axe         |       |     3 |       ||     3
Throw: Boomerang         |     3 |     1 |     1 ||     5
 Cast: Beastly Appendage |       |     7 |       ||     7
       Call Imp          |       |     1 |       ||     1
       Summon Guardian G |       |       |     1 ||     1
Evoke: Wand              |       |     1 |     8 ||     9
  Use: Scroll            |     3 |     4 |       ||     7
       Potion            |       |     5 |     3 ||     8
 Stab: Sleeping          |     1 |       |       ||     1
Armor: Leather armour    |    31 |    40 |    14 ||    85
       Skin              |       |       |     3 ||     3
Dodge: Dodged            |    66 |    98 |    64 ||   228

Table legend: (Time is in decaauts)
 A = Elapsed time spent in this place.
 B = Non-inter-level travel time spent in this place.
 C = Inter-level travel time spent in this place.
 D = Time resting spent in this place.
 E = Time spent auto-exploring this place.
 F = Levels seen in this place.
 G = Mean time per level.
                   A        B        C        D        E       F      G
               +--------+--------+--------+--------+--------+-----+--------+
         Total |   6900 |   6634 |    266 |   2284 |   3026 |   5 | 1380.0 |
       Dungeon |   6900 |   6634 |    266 |   2284 |   3026 |   5 | 1380.0 |
               +--------+--------+--------+--------+--------+-----+--------+

Top non-repeatable levels by time:
     D:4: 3075 daAuts
     D:1: 1363 daAuts
     D:2: 874 daAuts
     D:3: 812 daAuts
     D:5: 774 daAuts
